Map: Orbital Shipyard

Players

Hacin

  • Race: Terran Terran
  • League: Diamond

Annihilator - Winner!

  • Race: Protoss Protoss
  • League: Master

VOD

Have the link to the VOD?

Description

Time

  • Played on: Nov. 18, 2015, 8:04 p.m.
  • Length: 7:37
Show
View Real Time Build Order
Export as new Build Order

Hacin Terran 

Build Orders: MMM Bio 

Get SALT Encoding   

  12  0:00  SCV  
  13  0:13  SCV  
  14  0:17  Supply Depot  
  14  0:25  SCV  
  15  0:39  SCV  
  15  0:41  Barracks  
  16  0:51  SCV  
  17  1:03  SCV  
  18  1:15  SCV  
  19  1:28  Command Center, Orbital Command  
  19  1:32  Marine  
  20  1:37  Refinery  
  20  1:49  Marine  
  20  1:50  Supply Depot  
  20  1:53  SCV  
  22  2:06  SCV  
  23  2:11  Marine  
  23  2:14  Refinery  
  24  2:16  Barracks  
  24  2:22  SCV  
  25  2:29  Marine  
  26  2:31  Supply Depot  
  26  2:35  SCV  
  27  2:40  Orbital Command  
  27  2:48  Factory  
  27  2:49  Marine  
  28  2:56  Supply Depot  
  28  2:59  SCV  
  28  3:04  Barracks Tech Lab  
  29  3:07  Marine  
  29  3:08  SCV  
  29  3:11  SCV  
  32  3:20  SCV  
  32  3:23  SCV  
  32  3:25  Stimpack  
  34  3:28  Marine  
  34  3:32  SCV, Starport  
  36  3:35  SCV, Factory Reactor  
  36  3:39  Marauder  
  39  3:44  SCV  
  39  3:47  SCV, Refinery  
  41  3:50  Marine  
  42  3:56  SCV  
  42  3:59  SCV  
  42  4:00  Barracks  
  44  4:06  Marauder  
  44  4:09  SCV, Barracks Reactor  
  47  4:11  SCV  
  48  4:19  Medivac  
  48  4:21  SCV  
  48  4:23  SCV  
  52  4:26  Supply Depot  
  52  4:27  Supply Depot  
  52  4:28  Marine, Medivac  
  55  4:33  SCV, Engineering Bay  
  55  4:34  Widow Mine  
  55  4:35  SCV  
  59  4:45  SCV  
  59  4:48  SCV  
  57  4:57  SCV  
  53  5:00  SCV, Marauder, Marine x2  
  53  5:02  Medivac, Marine  
  53  5:03  Medivac  
  60  5:09  SCV  
  60  5:10  Widow Mine  
  63  5:20  Marine  
  63  5:21  Marine x2  
  66  5:22  SCV  
  66  5:23  SCV  
  66  5:28  Terran Infantry Weapons Level 1, Refinery  
  68  5:35  Combat Shields  
  68  5:37  SCV x2  
  68  5:39  Widow Mine  
  72  5:43  Barracks Reactor  
  72  5:44  Marine x3  
  72  5:45  Supply Depot  
  72  5:46  Supply Depot  
  75  6:10  Marine  
  75  6:11  Marine x2  
  78  6:12  Medivac x2  
  82  6:22  Marine  
  74  6:51  Marine  
  74  6:52  Marine  
  70  6:54  Marine  
  53  7:09  Marine  
  53  7:10  Marine  
  53  7:12  Marine  
  52  7:20  SCV  
Show
View Real Time Build Order
Export as new Build Order

Annihilator Protoss - Winner!

Build Orders: 1 Gate Expand 

Get SALT Encoding   

  12  0:01  Probe (Chrono Boost)  
  13  0:11  Probe (Chrono Boost)  
  14  0:17  Pylon  
  14  0:22  Probe (Chrono Boost)  
  16  0:35  Probe (Chrono Boost)  
  16  0:37  Gateway  
  16  0:46  Probe (Chrono Boost)  
  17  0:56  Probe (Chrono Boost)  
  18  1:07  Probe (Chrono Boost)  
  19  1:13  Nexus  
  19  1:18  Probe (Chrono Boost)  
  20  1:23  Assimilator  
  20  1:28  Probe (Chrono Boost)  
  21  1:34  Cybernetics Core  
  21  1:39  Probe (Chrono Boost)  
  22  1:44  Pylon  
  22  1:49  Assimilator  
  22  1:53  Probe (Chrono Boost)  
  23  2:03  Probe (Chrono Boost)  
  24  2:11  Adept (Chrono Boost)  
  24  2:14  Probe (Chrono Boost)  
  27  2:27  Probe x2 (Chrono Boost)  
  27  2:29  Robotics Facility  
  29  2:38  Probe x2 (Chrono Boost)  
  31  2:48  Mothership Core (Chrono Boost), Probe (Chrono Boost), Warp Gate (Chrono Boost)  
  34  2:55  Adept  
  34  2:58  Probe (Chrono Boost)  
  37  3:11  Probe x2  
  39  3:16  Warp Prism (Chrono Boost)  
  39  3:19  Adept  
  41  3:23  Probe x2  
  45  3:27  Twilight Council  
  45  3:34  Pylon  
  45  3:38  Probe  
  46  3:52  Immortal (Chrono Boost), Adept  
  52  4:01  Gateway  
  52  4:02  Gateway  
  52  4:05  Resonating Glaives  
  52  4:06  Gateway  
  52  4:14  Pylon  
  52  4:16  Pylon  
  52  4:33  Immortal (Chrono Boost)  
  52  4:37  Gateway  
  56  4:38  Gateway  
  56  4:40  Gateway  
  56  5:07  Immortal (Chrono Boost)  
  54  5:19  Adept x4  
  62  5:25  Pylon  
  62  5:26  Pylon  
  62  5:27  Pylon  
  62  5:44  Pylon  
  62  5:47  Pylon  
  62  5:52  Adept x3  
  62  5:53  Adept x4  
  80  6:11  Immortal (Chrono Boost)  
  80  6:13  Adept x4  
  74  6:37  Adept  
  74  6:38  Adept x5  
  68  7:22  Adept x5  
Tags
 
Add a new tag
Caveats
  • Supply blocks, unpowered buildings, or Contaminate may cause inaccurate times.
  • Supply counts are checked every 10 seconds.